 Dungeon Crawl Stone Soup version 0.31.0 (webtiles) character file.

Game seed: 8403860070653960146

182 qw the Shooter (level 5, 0/32 HPs)
             Began as a Gargoyle Hunter on Jan 19, 2024.
             Slain by Grinder (1 damage)
             ... on level 3 of the Dungeon.
             The game lasted 00:00:08 (2117 turns).

qw the Shooter (Gargoyle Hunter)                    Turns: 2117, Time: 00:00:09

Health: 0/32       AC:  8    Str: 15    XL:     5   Next: 62%
Magic:  5/5        EV: 11    Int:  9    God:
Gold:   123        SH:  0    Dex: 15    Spells: 4/4 levels left

rFire   . . .        a - +0 shortbow
rCold   . . .        (shield currently unavailable)
rNeg    + . .        c - +0 leather armour
rPois   inf          g - +0 helmet
rElec   +            (no cloak)
rCorr   .            (no gloves)
SInv    .            (no boots)
Will    .....        (no amulet)
Stlth   ++           (no ring)
HPRegen 0.25/turn    (no ring)
MPRegen 0.09/turn

%: no passive effects
@: no status effects
A: sickness immunity, AC +4, negative energy resistance 1, electricity
resistance, torment resistance 1, petrification resistance
a: no special abilities


You were on level 3 of the Dungeon.
You visited 1 branch of the dungeon, and saw 3 of its levels.

You collected 123 gold pieces.


Innate Abilities, Weirdness & Mutations

You are immune to sickness and miasma.
Your stone body is resilient. (AC +4)
You are immune to poison.
You resist negative energy. (rN+)
You are resistant to electric shocks. (rElec)
You are resistant to unholy torment.
You are immune to petrification.


   Skills:
 - Level 3.0 Fighting
 - Level 6.3 Ranged Weapons
 + Level 0.8 Armour
 - Level 1.5 Dodging
 - Level 1.1 Stealth


You had 4 spell levels left.
You didn't know any spells.
Your spell library was empty.

Inventory:

Hand Weapons
 a - a +0 shortbow (weapon)
Armour
 c - a +0 leather armour (worn)
 g - a +0 helmet (worn)
Scrolls
 b - a scroll of noise {unknown}
Potions
 e - 6 potions of curing
 h - a potion of might

Dungeon Overview and Level Annotations

Branches:
Dungeon (3/15)

Altars:

Annotations:
D:2 1 runed translucent door, Crazy Yiuf
D:3 Grinder


Message History

You shoot an arrow.
The arrow hits Grinder but does no damage.
Grinder hits you.
You shoot an arrow.
The arrow hits Grinder but does no damage.
Grinder hits you.
You shoot an arrow. The arrow hits Grinder.
Grinder is lightly wounded.
Grinder gestures at you. You resist with significant effort.
You shoot an arrow. The arrow barely misses Grinder.
Grinder blinks!
You shoot an arrow. The arrow closely misses Grinder.
You shoot an arrow. The arrow closely misses Grinder.
Grinder gestures at you.
You suddenly lose the ability to move!
Grinder blinks!
You can move again.
You shoot an arrow. The arrow barely misses Grinder.
Grinder gestures at you.
You shrug off the repeated paralysis!
You shoot an arrow. The arrow hits Grinder.
Grinder is lightly wounded.
Grinder hits you.
You writhe in agony.
You shoot an arrow. The arrow hits Grinder.
Grinder is moderately wounded.
Grinder hits you but does no damage.
You shoot an arrow. The arrow closely misses Grinder.
Grinder hits you!
You writhe in agony.
You shoot an arrow. The arrow closely misses Grinder.
Grinder barely misses you.
You shoot an arrow. The arrow hits Grinder.
Grinder is moderately wounded.
Grinder closely misses you.
You shoot an arrow. The arrow barely misses Grinder.
Grinder hits you.
You shoot an arrow. The arrow hits Grinder!
Grinder is heavily wounded.
Grinder hits you.
You writhe in agony.
Grinder hits you.
You writhe in agony.
You die...
Grinder says, "Hey, I wasn't done torturing you yet!"

#.... .... .. #.... ... .. #....
... .## ###'# .. .. #.# #########
#.#.# ##.#.# #.# #.......## ...
....# #.# #.......##.##5# #...#
#.# #.......##...@##. #...# #.#
#.......#####.##. #...# #.#
#.......# #.##.# #...# #.#
#.......# #.##.# #...###.#
####.......#####.##.# #.......#
...'...........#.##.# #..).##.#
####.......###.#.##)#####.......#
#..........#.#.##...........#.#
#.########.#.#.....###....###.#


You could see Grinder.

Vanquished Creatures
  A scorpion (D:3)
  Robin (D:2)
  3 adders (D:2)
  A ribbon worm (D:2)
  2 dart slugs (D:2)
  4 orcs (D:3)
  4 bats
  4 endoplasms
  A giant cockroach (D:1)
  14 goblins
  6 hobgoblins
  6 jackals
  7 kobolds
  3 ball pythons
  3 frilled lizards
  4 rats
64 creatures vanquished.

Notes
Turn   | Place    | Note
-------+----------+-------------------------------------------
     0 | D:1      | qw the Gargoyle Hunter began the quest for the Orb.
     0 | D:1      | Reached XP level 1. HP: 12/12 MP: 1/1
     0 | D:1      | 0 ||| qw: Version: 0.3-a-132-g3d54051
     0 | D:1      | 0 ||| qw: Game counter: 359
     0 | D:1      | 0 ||| qw: Melee chars always use a shield: true
     0 | D:1      | 0 ||| qw: God list: Okawaru
     0 | D:1      | 0 ||| qw: Allow faded altars: false
     0 | D:1      | 0 ||| qw: Do Orc after clearing Dungeon:15 true
     0 | D:1      | 0 ||| qw: Do second Lair branch before Depths: true
     0 | D:1      | 0 ||| qw: Lair rune preference: random
     0 | D:1      | 0 ||| qw: Goals: Normal
     0 | D:1      | 0 ||| PLANNING D:1-11
   131 | D:1      | Reached XP level 2. HP: 17/17 MP: 2/2
   131 | D:1      | Found a faded altar of an unknown god.
   390 | D:1      | Reached XP level 3. HP: 18/21 MP: 3/3
   791 | D:1      | 791 ||| READING 3 scrolls labelled SIPLARPHA SEAWU.
   791 | D:1      | 791 ||| IDENTIFYING brown potion
   792 | D:1      | 792 ||| READING 2 scrolls of identify.
   792 | D:1      | 792 ||| IDENTIFYING 3 glowing white potions
   793 | D:1      | 793 ||| READING scroll of identify.
   793 | D:1      | 793 ||| IDENTIFYING 3 scrolls labelled BABEKLOSI
   794 | D:1      | 794 ||| DROPPING scroll of butterflies.
   795 | D:1      | 795 ||| DROPPING 3 scrolls of amnesia.
   796 | D:1      | 796 ||| DROPPING potion of brilliance.
   855 | D:2      | Reached skill level 5 in Ranged Weapons
   894 | D:2      | Reached skill level 3 in Fighting
   931 | D:2      | Reached XP level 4. HP: 28/28 MP: 4/4
  1088 | D:2      | Found a runed translucent door.
  1089 | D:2      | Noticed Crazy Yiuf
  1148 | D:2      | Noticed Robin
  1151 | D:2      | Killed Robin
  1172 | D:2      | HP: 6/28 [hobgoblin[Robin] (2)]
  1182 | D:2      | 1182 ||| FLEEEEING.
  1290 | D:2      | 1290 ||| FLEEEEING.
  1457 | D:2      | 1457 ||| UPGRADING to +0 helmet.
  1462 | D:2      | 1462 ||| READING scroll labelled VAVVUMYBOKH.
  1563 | D:2      | 1563 ||| DRINKING 2 inky potions.
  1597 | D:2      | 1597 ||| DRINKING 2 black potions.
  1598 | D:2      | 1598 ||| DROPPING potion of lignification.
  1632 | D:3      | 1632 ||| STAIRDANCE
  1748 | D:3      | Noticed a scorpion
  1761 | D:3      | Killed a scorpion
  1762 | D:3      | Reached skill level 6 in Ranged Weapons
  1762 | D:3      | Reached XP level 5. HP: 14/32 MP: 5/5
  1762 | D:3      | 1762 ||| FLEEEEING.
  1765 | D:3      | 1765 ||| STAIRDANCE
  1770 | D:2      | 1770 ||| STAIRDANCE
  1831 | D:1      | 1831 ||| READING scroll of identify.
  1831 | D:1      | 1831 ||| IDENTIFYING blue potion
  1832 | D:1      | 1832 ||| DROPPING potion of berserk rage.
  2096 | D:3      | Noticed Grinder
  2108 | D:3      | Paralysed by Grinder for 2 turns
  2117 | D:3      | HP: 8/32 [Grinder (4)]
  2117 | D:3      | HP: 1/32 [Grinder (6)]
  2117 | D:3      | Slain by Grinder

Levels and vault maps discovered:
D:1:      dpeg_arrival_erosion, layout_basic, basic_ecumenical_altar,
          minmay_misc_feat_four_crosses
D:2:      layout_basic, minivault_4, uniq_robin, uniq_crazy_yiuf_cottage
D:3:      layout_basic, uniq_grinder

Skill      XL: |  1  2  3  4 |
---------------+-------------+-----
Ranged Weapons | 5 6 |  6.3
Fighting       | 3 |  3.0
Armour         | |  0.8
Dodging        | |  1.5
Stealth        | |  1.1

Action                     |  1- 3 |  4- 6 || total
---------------------------+-------+-------++-------
   Fire: Shortbow          |    84 |   123 ||   207
    Use: Scroll            |     3 |     2 ||     5
         Potion            |       |     2 ||     2
 Armour: Leather armour    |    32 |    64 ||    96
  Dodge: Dodged            |    49 |    47 ||    96

Table legend:
 A = Non-vault XP
 B = Vault XP
 C = Vault XP percentage of total XP
 D = Non-vault monster count
 E = Vault monster count
 F = Vault count percentage of total count
                 A         B        C        D         E       F
            +---------+---------+-------+---------+---------+-------
      Total |     223 |      38 |  14.6 |      52 |      12 |  18.8
            +---------+---------+-------+---------+---------+-------
        D:1 |      37 |       0 |   0.0 |      22 |       0 |   0.0
        D:2 |      77 |      38 |  33.0 |      19 |      12 |  38.7
        D:3 |     109 |       0 |   0.0 |      11 |       0 |   0.0
            +---------+---------+-------+---------+---------+-------
